 Dungeon Crawl Stone Soup version 0.26.1-11-gd32895ea62 (webtiles) character file.

Game seed: 6281774583370308730

813 Zeld the Chucker (level 7, -11/45 HPs)
             Began as an Octopode Brigand on May 15, 2021.
             Was a Follower of Fedhas.
             Mangled by a two-headed ogre
             ... wielding a +0 giant club
              (12 damage)
             ... on level 9 of the Dungeon.
             The game lasted 00:06:44 (6172 turns).

Zeld the Chucker (Octopode Brigand)                 Turns: 6172, Time: 00:06:44

Health: -11/45     AC:  1    Str: 12    XL:     7   Next: 93%
Magic:  15/15      EV: 13    Int: 13    God:    Fedhas [*.....]
Gold:   112        SH:  0    Dex: 14    Spells: 17/17 levels left

rFire    . . .     SeeInvis .   a - +2 dagger
rCold    . . .     Faith    .   (no shield)
rNeg     . . .     Spirit   .   (helmet restricted)
rPois    .         Reflect  .   (no amulet)
rElec    .         Harm     .   (no ring)
rCorr    .         Rampage  .   (no ring)
Will     .....                  (no ring)
Stlth    ++++......             (no ring)
HPRegen  0.15/turn              (no ring)
MPRegen  0.14/turn              (no ring)
                                (no ring)
                                (no ring)

@: no status effects
A: almost no armour, stealthy swim, amphibious, 8 rings, constrict 8, camouflage
1, gelatinous body 1
a: Renounce Religion


You were on level 9 of the Dungeon.
You worshipped Fedhas.
Fedhas was aware of your devotion.
You visited 2 branches of the dungeon, and saw 10 of its levels.

You collected 112 gold pieces.

Inventory:

Hand Weapons
 a - a +2 dagger (weapon)
 c - a +1 dagger of draining
Missiles
 b - 32 poisoned darts (quivered)
Jewellery
 e - an uncursed ring of see invisible {unknown}
 n - a +4 ring of evasion {unknown}
 q - an uncursed ring of wizardry {unknown}
Wands
 r - a wand of random effects (23)
Scrolls
 h - 2 scrolls of teleportation {unknown}
 j - a scroll of remove curse {unknown}
 k - a scroll of fear {unknown}
 m - a scroll of noise {unknown}
 o - a scroll of immolation {unknown}
 p - a scroll of identify {unknown}
Potions
 d - a potion of degeneration {unknown}
 f - a potion of berserk rage {unknown}
 g - 2 potions of flight {unknown}
 i - 2 potions of brilliance {unknown}
 l - a potion of magic {unknown}


   Skills:
 - Level 2.0 Fighting
 * Level 2.5 Short Blades
 - Level 6.0 Throwing
 - Level 1.0 Dodging
 - Level 5.3 Stealth
 + Level 5.5 Spellcasting


You had 17 spell levels left.
You didn't know any spells.
Your spell library was empty.

Dungeon Overview and Level Annotations

Branches:
Dungeon (9/15)             Temple (1/1) D:5
   Lair: D:8-11         Orc: D:9-12

Altars:
Ashenzari
Cheibriados
Dithmenos
Elyvilon
Fedhas
Gozag
Kikubaaqudgha
Makhleb
Nemelex Xobeh
Okawaru
Qazlal
Sif Muna
Trog
Uskayaw
Vehumet
Wu Jian
Xom
Yredelemnul
Zin

Shops:
D:4 *}

Annotations:
D:3 1 runed translucent door, Lyradical's ghost, amateur DrWn


Innate Abilities, Weirdness & Mutations

You cannot wear most types of armour.
You are very stealthy in the water. (Stealth+)
You are amphibious.
You can wear up to eight rings at the same time.
You can use your tentacles to constrict eight enemies at once.
Your skin changes colour to match your surroundings (Stealth+).
Your rubbery body absorbs attacks. (AC +1, EV +1)


Message History

Press: ? - help, Q - select action, (/) - cycle Shift-Dir - straight line, f - two-headed ogre
Aim: a two-headed ogre, wielding two +0 giant clubs (77% to hit)
Okay, then.
The orc warrior throws a boomerang.
The boomerang hits you!
* * * LOW HITPOINT WARNING * * *
The weapon returns to the orc warrior!
Okay, then.
Okay, then.
There is an open door here.
Unknown command.
You see here an adder skeleton. 3 orcs, an orc wizard and a skeleton come into view.
An orc is wielding a +0 falchion of protection.
Found a burning altar of Makhleb.
The two-headed ogre misses you. The two-headed ogre closely misses you.
The two-headed ogre hits you with a +0 giant club!
* * * LOW HITPOINT WARNING * * *
The two-headed ogre hits you with a +0 giant club!
You die...
Fedhas appreciates your contribution to the ecosystem.

...##........#
#..###'######
##..##...# ###..#####.#
###...## #.# ##....##
#.# #....########.###
####.O.###.......<.#
#...@Z.# #.........##
#.#.#.## #........... #
#.#.####....>....#.
#.####...........##
#...##.#.........#
###.##.#.........#
#...#..#.........#
#####รท#.'.###.########
#.....#.### #.##


You could see a two-headed ogre and a hound skeleton.

Vanquished Creatures
  An ogre (D:7)
  4 bullfrogs
  A bullfrog skeleton (D:6)
  5 iguanas
  2 orc wizards
  7 worker ants
  4 adders
  2 shadow imps
  A white imp (D:7)
  2 ufetubi (D:7)
  An adder skeleton (D:4)
  A dart slug (D:5)
  8 orcs
  A giant cockroach (D:7)
  3 goblins
  2 hobgoblins (D:2)
  2 quokkas
  2 bats
  2 kobolds
  A rat (D:2)
52 creatures vanquished.

Vanquished Creatures (others)
  7 plants (D:5)
7 creatures vanquished.

Grand Total: 59 creatures vanquished

Notes
Turn   | Place    | Note
-------+----------+-------------------------------------------
     0 | D:1      | Zeld the Octopode Brigand began the quest for the Orb.
     0 | D:1      | Reached XP level 1. HP: 14/14 MP: 1/1
   245 | D:2      | Reached XP level 2. HP: 14/19 MP: 2/2
   404 | D:3      | Noticed a bullfrog
   442 | D:3      | Found a runed translucent door.
   443 | D:3      | Noticed Lyradical's ghost (amateur DrWn)
   458 | D:3      | Reached skill level 3 in Throwing
   458 | D:3      | Reached skill level 1 in Spellcasting
   458 | D:3      | Reached XP level 3. HP: 20/24 MP: 4/4
   509 | D:3      | Killed a bullfrog
   510 | D:3      | Reached skill level 4 in Throwing
   510 | D:3      | Reached XP level 4. HP: 29/29 MP: 4/7
   725 | D:4      | Found Vahod's Gadget Shoppe.
   729 | D:4      | Noticed a +0 dagger
   729 | D:4      | Noticed an ogre
   729 | D:4      | Noticed a +0 dagger
   733 | D:4      | Found a hide-covered altar of Uskayaw.
   777 | D:4      | Found Omuekoot's Assorted Antiques.
   794 | D:5      | Entered Level 5 of the Dungeon
   863 | D:5      | Reached XP level 5. HP: 34/34 MP: 8/8
   940 | D:5      | Noticed an ogre
  1368 | D:5      | Found a snail-covered altar of Cheibriados.
  1413 | D:5      | Found a staircase to the Ecumenical Temple.
  1457 | Temple   | Entered the Ecumenical Temple
  1554 | Temple   | Became a worshipper of Fedhas Madash
  2160 | D:6      | Reached skill level 5 in Throwing
  2160 | D:6      | Reached XP level 6. HP: 29/39 MP: 8/10
  2334 | D:6      | Noticed an orc warrior
  2856 | D:7      | Noticed a phantom
  2984 | D:7      | Reached skill level 6 in Throwing
  3025 | D:7      | Reached XP level 7. HP: 28/45 MP: 12/12
  3040 | D:7      | HP: 2/45 [orc/+0 mace (5)]
  4850 | D:8      | Reached skill level 5 in Spellcasting
  5891 | D:9      | Noticed a wyvern
  6102 | D:9      | Noticed a two-headed ogre
  6108 | D:9      | Reached * piety under Fedhas
  6165 | D:9      | Found a burning altar of Makhleb.
  6172 | D:9      | HP: 1/45 [two-headed ogre/+0 giant club (15)]
  6172 | D:9      | Mangled by a two-headed ogre

Illustrated notes

Levels and vault maps discovered:
D:1:      dpeg_arrival_three_bigger_balls, layout_basic
D:2:      layout_loops_ring, amcnicky_mini_rare_corridor_liquid,
          chequers_arboretum
D:3:      layout_loops_corners, old_standard_altar, general_overflow_altar,
          chequers_ecumenical_altar_simple, gammafunk_ghost_grave,
          yredelemnul_altar_generic
D:4:      layout_cave_pools, lemuel_round_altar, dancing_weapons_uskayaw,
          serial_shops, shop, shop, shop_statue, shop, uniq_menkaure
D:5:      cheibrodos_iron_armory, layout_loops_corners,
          minmay_temple_entry_overgrown, nrook_loot_triangle,
          kennysheep_slug_shrine
D:6:      layout_cave_pods, serial_glass, glass_columns_a, glass_columns_a
D:7:      layout_basic
D:8:      layout_cave_pools, nicolae_overflow_crystal_walls, basic_altar
D:9:      layout_roguey, minmay_misc_feat_roman, makhleb_blood_cavern_becter
Temple:   minmay_temple_bridge_d

Skill      XL: |  1  2  3  4  5  6  7 |
---------------+----------------------+-----
Throwing       | 3 4 5 6 |  6.0
Spellcasting   | 1 2 3 5 |  5.5
Fighting       | |  2.0
Short Blades   | |  2.5
Dodging        | |  1.0
Stealth        | |  5.3

Action                   |  1- 3 |  4- 6 |  7- 9 || total
-------------------------+-------+-------+-------++-------
Melee: Dagger            |    28 |    62 |    75 ||   165
       Constrict         |     8 |    15 |    17 ||    40
       Tentacles         |     3 |    18 |    23 ||    44
Throw: Dart              |       |       |     7 ||     7
 Stab: Sleeping          |     4 |     5 |     2 ||    11
Armor: Skin              |     4 |     3 |     3 ||    10
Dodge: Dodged            |    20 |    42 |    32 ||    94
